 Dungeon Crawl Stone Soup version 0.31.0-1-g2c135a0 (webtiles) character file.

Game seed: 5562588369323761390

105 edsrzf the Slasher (level 4, 0/29 HPs)
             Began as an Octopode Reaver on Feb 1, 2024.
             Slain by a gnoll
             ... wielding a +0 spear
              (6 damage)
             ... on level 2 of the Dungeon.
             The game lasted 00:04:17 (1228 turns).

edsrzf the Slasher (Octopode Reaver)                Turns: 1228, Time: 00:04:18

Health: 0/29       AC:  1    Str: 11    XL:     4   Next: 81%
Magic:  7/7        EV: 13    Int: 17    God:
Gold:   43         SH:  0    Dex: 10    Spells: 4/7 levels left

rFire   . . .        a - +0 falchion
rCold   . . .        (no shield)
rNeg    . . .        (helmet restricted)
rPois   .            (no amulet)
rElec   .            (no ring)
rCorr   .            (no ring)
SInv    .            (no ring)
Will    .....        (no ring)
Stlth   +++          (no ring)
HPRegen 0.24/turn    (no ring)
MPRegen 0.10/turn    (no ring)
                     (no ring)

%: no passive effects
@: no status effects
A: almost no armour, amphibious, 8 rings, camouflage 1, gelatinous body 1,
(nimble swimmer 1), tentacles
a: no special abilities


You were on level 2 of the Dungeon.
You visited 1 branch of the dungeon, and saw 2 of its levels.

You collected 43 gold pieces.

Inventory:

Hand Weapons
 a - a +0 falchion (weapon)
Jewellery
 b - a ring of ice
Wands
 g - a wand of acid (12)
Scrolls
 c - a scroll of poison {unknown}
 d - a scroll of vulnerability {unknown}
 h - a scroll of enchant weapon {unknown}
Potions
 f - a potion of degeneration {unknown}
 i - a potion of ambrosia {unknown}


   Skills:
 - Level 2.0 Fighting
 + Level 4.3 Long Blades
 - Level 2.0 Dodging
 + Level 4.2 Stealth
 - Level 2.0 Spellcasting
 - Level 3.0 Conjurations


You had 4 spell levels left.
You knew the following spells:

 Your Spells              Type           Power      Damage    Failure   Level
a - Kiss of Death         Conj/Necr      24%        2d7       11%         1
b - Momentum Strike       Conj/Tloc      12%        3d8       16%         2

Your spell library contained the following spells:

 Spells                   Type           Power      Damage    Failure   Level
 Call Imp                 Summ           2%         N/A       28%         2
 Sublimation of Blood     Necr           1%         N/A       28%         2
 Hailstorm                Conj/Ice       6%         3d5       30%         3
 Summon Hydra             Summ           0%         N/A       100%        7


Dungeon Overview and Level Annotations

Branches:
Dungeon (2/15)

Altars:


Innate Abilities, Weirdness & Mutations

You cannot wear most types of armour.
You are amphibious.
You can wear up to eight rings at the same time.
Your skin changes colour to match your surroundings (Stealth+).
Your rubbery body absorbs attacks. (AC +1, EV +1)
((You are camouflaged when in or above water. (Stealth+)))
You have tentacles for arms and can constrict up to eight enemies at once.


Message History

You kill the hobgoblin!
The hobgoblin throws a stone.
The stone hits you.
The hobgoblin attacks as it pursues you!
The hobgoblin barely misses you.
You closely miss the hobgoblin. You grab the hobgoblin.
You constrict the hobgoblin. The hobgoblin barely misses you.
You slash the hobgoblin!
You kill the hobgoblin!
Your Stealth skill increases to level 4!
Unknown command.
Things that are here:
6 stones; a hobgoblin corpse
There is a stone staircase leading down here.
Found a robe.
A giant cockroach comes into view.
A giant cockroach is nearby!
The giant cockroach bites you.
You hit the giant cockroach but do no damage.
Your grab misses the giant cockroach.
The giant cockroach bites you but does no damage.
You barely miss the giant cockroach. You grab the giant cockroach.
You constrict the giant cockroach.
The giant cockroach bites you but does no damage.
You slash the giant cockroach!
You kill the giant cockroach!
You see here a giant cockroach corpse.
c - a scroll labelled EGHYALA ARAO A ribbon worm comes into view.
An endoplasm comes into view.
The helpless ribbon worm fails to defend itself.
You hit the ribbon worm. You grab the ribbon worm.
The ribbon worm is moderately wounded.
You constrict the ribbon worm. The ribbon worm closely misses you.
You hit the ribbon worm but do no damage.
The ribbon worm is heavily wounded.
You constrict the ribbon worm.
You hit the ribbon worm but do no damage.
Your squeeze misses the ribbon worm.
The ribbon worm is heavily wounded.
You constrict the ribbon worm.
The endoplasm quivers.
The ribbon worm misses you.
You hit the ribbon worm but do no damage.
You squeeze the ribbon worm.
The ribbon worm is severely wounded.
You constrict the ribbon worm.
The ribbon worm expels a string of sticky webbing.
The stream of webbing misses you.
You slash the ribbon worm!
You kill the ribbon worm!
A goblin comes into view. It is wielding a +0 club.
You see here a ribbon worm corpse.
The endoplasm barely misses you.
You hit the endoplasm.
The endoplasm is almost dead.
The endoplasm closely misses you.
You hit the endoplasm.
You kill the endoplasm!
A goblin comes into view. It is wielding a +0 dagger.
The helpless goblin fails to defend itself.
You hit the goblin.
You kill the goblin!
A goblin comes into view. It is wielding a +0 club.
Things that are here:
a +0 club; a goblin corpse The goblin shouts! x2
You enter the shallow water.
The goblin completely misses you.
You slash the goblin!
You kill the goblin!
Things that are here:
a +0 dagger; a goblin corpse You barely miss the goblin.
Your grab misses the goblin. Your squeeze misses the goblin.
The goblin hits you with a +0 club.
You hit the goblin.
You kill the goblin!
You see here a +0 club.
You enter the shallow water. 2 gnolls come into view.
A gnoll comes into view. It is wielding a +0 club.
The gnoll shouts! x2
An endoplasm comes into view.
The gnoll shouts!
You hit the gnoll. You grab the gnoll. You squeeze the gnoll.
The gnoll is severely wounded.
You constrict the gnoll.
The gnoll escapes!
The gnoll hits you with a +0 flail!
You closely miss the gnoll. You grab the gnoll.
The gnoll is severely wounded.
You constrict the gnoll. The gnoll hits you with a +0 spear.
The gnoll hits you with a +0 club. The gnoll barely misses you.
You hit the gnoll.
You kill the gnoll!
An adder comes into view.
The gnoll hits you with a +0 club!
* * * LOW HITPOINT WARNING * * *
The gnoll hits you with a +0 spear.
* * * LOW HITPOINT WARNING * * *
Okay, then.
The gnoll hits you from afar with a +0 spear.
You die...

#..# #.#.#..# #..# #.#.#..#####
#### #..## #.#........# ...#
#... #.###..###.# ##.#########≈
#?.####.###..###.# #.......##≈≈
#J.g....S.........
#######†.#≈≈###gg.......##.###.#
#..#≈≈##).#.#####†##.###.#
#..#≈≈≈#.@#.# #........#
#..#≈≈≈#....# #....#####
#..#≈≈≈P~.#.# #.#.......
#...≈≈~~..#.#####.#.######
#...≈≈~P..#.......#.######
#.)P≈≈~P..............†<..
##..≈≈≈~..................
#)~P≈≈≈~.####.#.##.####..
#).~≈≈~~.# #.#..........


You could see 3 gnolls and an endoplasm.

Vanquished Creatures
  4 gnolls (D:2)
  4 ribbon worms (D:2)
  5 bats
  6 endoplasms
  A giant cockroach (D:2)
  8 goblins
  7 hobgoblins
  4 kobolds (D:1)
  A quokka (D:2)
  5 ball pythons
  3 frilled lizards
  10 rats
58 creatures vanquished.

Notes
Turn   | Place    | Note
-------+----------+-------------------------------------------
     0 | D:1      | edsrzf the Octopode Reaver began the quest for the Orb.
     0 | D:1      | Reached XP level 1. HP: 14/14 MP: 3/3
    38 | D:1      | Reached skill level 1 in Stealth
   113 | D:1      | Reached XP level 2. HP: 15/19 MP: 5/5
   217 | D:1      | Reached skill level 2 in Stealth
   337 | D:1      | Reached XP level 3. HP: 24/24 MP: 6/6
   364 | D:1      | Learned a level 2 spell: Momentum Strike
   713 | D:1      | Reached skill level 3 in Stealth
   967 | D:2      | Reached skill level 4 in Long Blades
   967 | D:2      | Reached XP level 4. HP: 20/29 MP: 7/7
   968 | D:2      | Identified a potion of lignification
   973 | D:2      | Identified a potion of might
  1119 | D:2      | Reached skill level 4 in Stealth
  1228 | D:2      | Slain by a gnoll

Illustrated notes

Levels and vault maps discovered:
D:1:      dpeg_arrival_arbitrary_c, layout_basic, serial_bayou_pond_d,
          minmay_surrounded
D:2:      layout_loops_ring, chequers_big_river

Skill      XL: |  1  2  3  4 |
---------------+-------------+-----
Stealth        | 1 2 3 4 |  4.2
Long Blades    | 4 |  4.3
Fighting       | |  2.0
Dodging        | |  2.0
Spellcasting   | |  2.0
Conjurations   | |  3.0

Action                     |  1- 3 |  4- 6 || total
---------------------------+-------+-------++-------
  Melee: Falchion          |    68 |    26 ||    94
         Constrict         |    17 |     8 ||    25
         Tentacles         |    12 |     5 ||    17
         Unarmed           |       |     6 ||     6
    Use: Potion            |       |     2 ||     2
   Stab: Sleeping          |    14 |     2 ||    16
 Armour: Skin              |    30 |    25 ||    55
  Dodge: Dodged            |    27 |    12 ||    39
